 Dungeon Crawl Stone Soup version 0.24.0-13-gcf9b3192b9 (webtiles) character file.

Game seed: 4658558032654616042, levelgen mode: deterministic

75 DavidChitty2 the Skirmisher (level 4, -5/35 HPs)
             Began as a Demonspawn Abyssal Knight on Nov 10, 2019.
             Was a Believer of Lugonu.
             Slain by a worm (8 damage)
             ... on level 2 of the Dungeon.
             The game lasted 00:02:21 (1606 turns).

DavidChitty2 the Skirmisher (DsAK)                  Turns: 1606, Time: 00:02:21

Health: -5/35      AC:  7    Str: 13    XL:     4   Next: 11%
Magic:  6/6        EV: 11    Int: 14    God:    Lugonu [**....]
Gold:   163        SH:  0    Dex: 12    Spells: 3/3 levels left

rFire    . . .     SeeInvis .   a - +1 hand axe
rCold    . . .     Gourm    .   (no shield)
rNeg     . . .     Faith    .   b - +1 leather armour
rPois    .         Spirit   .   (no helmet)
rElec    .         Reflect  .   (no cloak)
rCorr    .         Harm     .   (no gloves)
MR       .....                  (no boots)
Stlth    +.........             (no amulet)
HPRegen  0.11/turn              (no ring)
MPRegen  0.10/turn              (no ring)

@: no status effects
A: thin metallic scales 2
a: Depart the Abyss, Bend Space, Renounce Religion


You were on level 2 of the Dungeon.
You worshipped Lugonu.
Lugonu was pleased with you.
You were not hungry.

You visited 1 branch of the dungeon, and saw 2 of its levels.
You visited the Abyss 1 time.

You collected 163 gold pieces.

Inventory:

Hand Weapons
 a - a +1 hand axe (weapon)
Missiles
 g - a throwing net {!f}
 l - 5 poisoned darts (quivered)
Armour
 b - a +1 leather armour (worn)
Jewellery
 m - a cursed amulet of inaccuracy {unknown}
   (You found it on level 2 of the Dungeon)
Wands
 v - a wand of digging (3)
   (You took it off a kobold on level 2 of the Dungeon)
Scrolls
 n - a scroll of identify {@r1}
Potions
 d - 2 potions of might {unknown}
 f - a potion of mutation {!q}
 h - a potion of flight
 i - a potion of brilliance
 j - a potion of haste {unknown}
 k - a potion of curing {unknown}
Comestibles
 c - 4 chunks of flesh
 e - 3 rations {!d}


   Skills:
 + Level 3.4 Fighting
 * Level 2.7 Axes
 + Level 2.2 Armour
 + Level 1.6 Dodging
 + Level 3.1 Invocations


You had 3 spell levels left.
You didn't know any spells.
Your spell library was empty.

Dungeon Overview and Level Annotations

Branches:
Dungeon (2/15)

Altars:


Innate Abilities, Weirdness & Mutations

You are mostly covered in thin metallic scales. (AC +3)


Message History

No target in view!
No target in view!
You start resting.
Some of the chunks of flesh in your inventory have rotted away.
You butcher the worm corpse.
c - 6 chunks of flesh (gained 3)
You butcher the adder corpse.
c - 7 chunks of flesh (gained 1)
You see here an adder skeleton. x2
A kobold comes into view. It is wielding a +0 whip.
No target in view!
No target in view!
The kobold is too close now for your liking.
The kobold barely misses you.
Found 19 gold pieces.
You hit the kobold.
You kill the kobold!
Lugonu accepts your kill.
No target in view!
You now have 163 gold pieces (gained 19).
You see here a +0 whip.
A worm comes into view.
The worm barely misses you.
You hit the worm but do no damage. You hit the worm.
The worm barely misses you.
You hit the worm. The worm bites you!
You hit the worm. You hit the worm but do no damage.
The worm closely misses you.
You slash the worm! The worm misses you.
You barely miss the worm. The worm bites you!
You hit the worm. You barely miss the worm. The worm closely misses you.
You hit the worm. The worm bites you!
* * * LOW HITPOINT WARNING * * *
You hit the worm but do no damage. You hit the worm but do no damage.
The worm bites you.
* * * LOW HITPOINT WARNING * * *
Okay, then.
Some of the chunks of flesh in your inventory have rotted away.
You start resting.
The worm is too close now for your liking.
You hit the worm. The worm barely misses you.
You slash the worm! The worm bites you but does no damage.
You barely miss the worm. You hit the worm. The worm bites you.
* * * LOW HITPOINT WARNING * * *
You barely miss the worm. The worm bites you but does no damage.
You barely miss the worm. You hit the worm. The worm bites you!
You die...

###........##........#
#.#####.
.##........##........#
#.#.....
.##........##........#
#.#.....
.###)########..w.....#
#.#)#... .###.#
#w######## #.#.....
...#.# #..# #.......
##.#.# ##.####
######## ...#.#
#.#..### # ####.#
#.w@.#.### # #.#
###.#).#.### # #.#
#+#.#..#.### #
##'###### ###.#..#.###
# ###.......#
###.#.รท#.### #
......>...#
###.#..#.#'#
..........# ###......#
...#.###### ##.#..#.##
...#.# ##.#).#.###


You could see a worm.

Vanquished Creatures
  2 adders (D:2)
  An ooze (D:1)
  A worm (D:2)
  A ball python (D:2)
  9 bats
  3 giant cockroaches
  6 goblins
  5 hobgoblins
  3 jackals (D:2)
  5 frilled lizards
  8 kobolds
  5 rats
49 creatures vanquished.

Notes
Turn   | Place    | Note
-------+----------+-------------------------------------------
     0 | Abyss:1  | DavidChitty2 the Demonspawn Abyssal Knight began the quest
                  | for the Orb.
     0 | Abyss:1  | Reached XP level 1. HP: 18/18 MP: 2/2
    43 | Abyss:1  | Noticed an iron imp
    44 | D:1      | Escaped the Abyss
    61 | D:1      | Reached skill level 1 in Dodging
    74 | D:1      | Reached * piety under Lugonu
    78 | D:1      | Gained mutation: You are partially covered in thin metallic
                  | scales. (AC +2) [demonic ancestry]
    78 | D:1      | Reached XP level 2. HP: 17/24 MP: 3/3
   316 | D:1      | Gained mutation: You are mostly covered in thin metallic
                  | scales. (AC +3) [demonic ancestry]
   316 | D:1      | Reached XP level 3. HP: 20/29 MP: 5/5
  1322 | D:2      | Reached ** piety under Lugonu
  1452 | D:2      | Reached XP level 4. HP: 25/35 MP: 6/6
  1606 | D:2      | Slain by a worm

Levels and vault maps discovered:
D:1:      scummos_arrival_star, layout_rooms
D:2:      minmay_razor_zed, layout_basic, first_ration

Skill      XL: |  1  2  3 |
---------------+----------+-----
Dodging        | 1 |  1.6
Axes           | 2 |  2.7
Armour         | 2 |  2.2
Invocations    | 3 |  3.1
Fighting       | |  3.4

Action                   |  1- 3 |  4- 6 || total
-------------------------+-------+-------++-------
Melee: Hand axe          |   128 |    27 ||   155
Invok: Depart the Abyss  |     1 |       ||     1
  Use: Scroll            |     5 |       ||     5
  Eat: Chunk             |     2 |       ||     2
Armor: Leather armour    |    58 |     2 ||    60
Dodge: Dodged            |   103 |    11 ||   114
